 Dungeon Crawl Stone Soup version 0.21-a0-349-g0c35859 (webtiles) character file.

6 tidbits the Scratcher (level 1, 3/9 HPs)
             Began as a Felid Transmuter on Oct 8, 2017.
             Quit the game on level 2 of the Dungeon.
             The game lasted 00:01:01 (120 turns).

tidbits the Scratcher (Felid Transmuter)             Turns: 120, Time: 00:01:02

Health: 3/9        AC:  1    Str:  6    XL:     1   Next: 75%
Magic:  3/4        EV: 18    Int: 14    God:
Gold:   18         SH:  0    Dex: 16    Spells: 3/4 levels left
                                        Lives:  0   Deaths: 0

rFire    . . .     SeeInvis +     - Unarmed
rCold    . . .     Gourm    .   (shield unavailable)
rNeg     . . .     Faith    .   (armour unavailable)
rPois    .         Spirit   .   (helmet unavailable)
rElec    .         Reflect  .   (cloak unavailable)
rCorr    .         Harm     .   (gloves unavailable)
MR       .....                  (boots unavailable)
Stlth    ++........             (no amulet)
HPRegen  0.03/turn              (no ring)
MPRegen  0.09/turn              (no ring)

@: lethally poisoned (3 -> -3), appendage (expiring), quick
A: no armour, no weapons or thrown items, stealth, claws 1, fangs 3, horns 2,
see invisible, carnivore 3, speed 1, shaggy fur 1, slow metabolism 1, sharp paws
a: End Transformation


You were on level 2 of the Dungeon.
You were not hungry.
You had grown temporary horns.
You visited 1 branch of the dungeon, and saw 2 of its levels.

You collected 18 gold pieces.

Inventory:

Missiles
 a - 31 arrows
Scrolls
 d - a scroll of identify {unknown}
 f - a scroll of fear {unknown}
 g - a scroll of random uselessness {unknown}
 h - a scroll of remove curse {unknown}
Books
 b - a book of Changes

   Spells                             Type                      Level
   a - Beastly Appendage              Transmutation                1
   b - Sticks to Snakes               Transmutation                2
   c - Spider Form                    Transmutation/Poison         3
   d - Ice Form                       Ice/Transmutation            4
   e - Blade Hands                    Transmutation                5
Comestibles
 c - a meat ration


   Skills:
 - Level 1.0 Fighting
 - Level 2.7 Dodging
 + Level 1.3 Stealth
 + Level 3.2 Unarmed Combat
 - Level 2.0 Spellcasting
 - Level 2.2 Transmutations


You had 3 spell levels left.
You knew the following spells:

 Your Spells              Type           Power        Failure   Level  Hunger
e - Beastly Appendage     Tmut           #.....       10%         1    ##.....


Dungeon Overview and Level Annotations

Branches:
Dungeon (2/15)

Altars:


Innate Abilities, Weirdness & Mutations

You cannot wear armour.
You are incapable of wielding weapons or throwing items.
Your paws allow you to move quietly. (Stealth)
You have sharp claws.
You have razor-sharp teeth.
You have supernaturally acute eyesight. (SInv)
You are carnivorous and can eat meat at any time.
You cover ground quickly.
You are covered in fur. (AC +1)
You have a slow metabolism.
Your sharp claws are effective at attacking unaware monsters.
You have a pair of horns on your head.


Message History

Your transformation is almost over.
a - 31 arrows (gained 19)
Found 2 purple potions.
Your horns disappear.
e - 2 purple potions Your magical contamination has completely faded away.
You open the door.
There is an open door here.
Found a scroll labeled ARUULI CEZIGO and a scroll labeled RAIZATI SO GUY.
Found 13 gold pieces.
f - a scroll labeled ARUULI CEZIGO
Found a scroll labeled EWUEXZOMEN.
A frilled lizard comes into view.
The frilled lizard hisses angrily.
You see here a scroll labeled RAIZATI SO GUY.
g - a scroll labeled RAIZATI SO GUY
Casting: Beastly Appendage
Confirm with . or Enter, or press ? or * to list all spells.
You grow a pair of large bovine horns.
You barely miss the frilled lizard. The frilled lizard closely misses you.
You closely miss the frilled lizard.
Your headbutt misses the frilled lizard.
You barely miss the frilled lizard. The frilled lizard bites you.
You scratch the frilled lizard.
You kill the frilled lizard!
Your Stealth skill increases to level 1!
Found 18 gold pieces.
Found a stone staircase leading down.
h - a scroll labeled EWUEXZOMEN Your transformation is almost over.
You now have 18 gold pieces.
There is a stone staircase leading down here.
You climb downwards.
Found a glowing scarf.
There is a stone staircase leading up here.
You see here a glowing scarf.
You open the door.
Your horns disappear.
There is an open door here.
A leopard gecko comes into view.
Casting: Beastly Appendage
Confirm with . or Enter, or press ? or * to list all spells.
You grow a pair of large bovine horns.
A kobold comes into view. It is wielding a club.
The leopard gecko hisses menacingly.
The leopard gecko misses you.
You barely miss the leopard gecko.
You headbutt the leopard gecko, but do no damage.
The leopard gecko barely misses you.
You closely miss the leopard gecko.
The kobold shouts!
You hear a shout!
The leopard gecko bites you.
You hear a shout! x2
You scratch the leopard gecko. Your bite misses the leopard gecko.
The leopard gecko is moderately wounded.
Your transformation is almost over.
You hear a shout!
The leopard gecko bites you.
Ouch! That really hurt!
* * * LOW HITPOINT WARNING * * *
You scratch the leopard gecko.
You kill the leopard gecko!
You closely miss the kobold. You bite the kobold.
The kobold is moderately wounded.
The kobold barely misses you.
An adder comes into view.
You closely miss the kobold.
The adder hisses angrily.
Your bite misses the kobold.
The kobold is moderately wounded.
The kobold closely misses you.
You closely miss the kobold.
The kobold is moderately wounded.
The kobold completely misses you.
You scratch the kobold.
The kobold is severely wounded.
The kobold completely misses you.
It was a potion of curing.
You feel better. The adder bites you.
You are poisoned.
The adder poisons you!
You feel better. The adder closely misses you.
You closely miss the adder.
Your horns disappear.
The adder misses you. The adder closely misses you.
Casting: Beastly Appendage
Confirm with . or Enter, or press ? or * to list all spells.
You grow a pair of large bovine horns.
The adder bites you.
Casting: Beastly Appendage
Confirm with . or Enter, or press ? or * to list all spells.
You don't know that spell.
You scratch the adder. Your claw misses the adder. Your bite misses the adder.
The adder is lightly wounded.
The adder misses you.
You scratch the adder.
The adder is lightly wounded.
Your transformation is almost over.
The adder bites you.
* * * LOW HITPOINT WARNING * * *
You are lethally poisoned!
The adder poisons you!
Are you sure you want to abandon this character and quit the game? (Confirm with "yes".)

.... ## #..##.
#..#. #... #..#
###.# ## ###.#K#
########.##
#....S###.........#
#.....@.'.........+
#....####.........#
#.#.# ##.[.<...#
#.## ##.....## #
##...## ##+##


You could see an adder and a kobold.

Vanquished Creatures
  2 leopard geckos
  A frilled lizard (D:1)
  2 rats (D:1)
5 creatures vanquished.

Notes
Turn   | Place    | Note
-------+----------+-------------------------------------------
     0 | D:1      | tidbits the Felid Transmuter began the quest for the Orb.
     0 | D:1      | Reached XP level 1. HP: 9/9 MP: 4/4
    76 | D:1      | Reached skill level 1 in Stealth
   120 | D:2      | Quit the game

Vault maps used:
D:1:      dpeg_arrival_boxes_within_box
D:2:      marbit_many_paths, gammafunk_temple_overflow_wave

Skill      XL: |  1 |
---------------+----+-----
Stealth        | 1 |  1.3
Fighting       | |  1.0
Dodging        | |  2.7
Unarmed Combat | |  3.2
Spellcasting   | |  2.0
Transmutations | |  2.2

Action                   || total
-------------------------++-------
Melee: Unarmed           ||    23
       Bite              ||     2
       Headbutt          ||     1
 Cast: Beastly Appendage ||     5
  Use: Potion            ||     2
Armor: Skin              ||     1
Dodge: Dodged            ||    16

Table legend:
 A = Spawn XP
 B = Non-spawn XP
 C = Spawn XP percentage of total XP
 D = Spawn monster count
 E = Non-spawn monster count
 F = Spawn count percentage of total count
 G = Total turns spent on level
                    A         B        C        D         E        F      G
               +---------+---------+-------+---------+---------+-------+---------
         Total |       0 |       9 |   0.0 |       0 |       5 |   0.0 |   120
               +---------+---------+-------+---------+---------+-------+---------
           D:1 |       0 |       6 |   0.0 |       0 |       4 |   0.0 |    89
           D:2 |       0 |       3 |   0.0 |       0 |       1 |   0.0 |    31
               +---------+---------+-------+---------+---------+-------+---------

Table legend:
 A = Turns spent in this place as a percentage of turns spent in the entire game.
 B = Non-inter-level travel turns spent in this place as a percentage of non-inter-level travel turns spent in the entire game.
 C = Inter-level travel turns spent in this place as a percentage of turns spent in this place.
 D = Turns resting spent in this place as a percentage of non-inter-level travel turns spent in this place.
 E = Turns spent auto-exploring this place as a percentage of non-inter-level travel turns spent in this place.
 F = Non-inter-level travel turns spent in this place divided by the number of levels of this place that you've seen.
                   A       B       C       D       E      F
               +-------+-------+-------+-------+-------+----------------------
         Total | 100.0 | 100.0 |   0.0 |   0.0 |   0.0 |  60.0
       Dungeon | 100.0 | 100.0 |   0.0 |   0.0 |   0.0 |  60.0
               +-------+-------+-------+-------+-------+----------------------

Table legend:
 A = Kills in this place as a percentage of kills in entire the game.
 B = Kills by you in this place as a percentage of kills by you in the entire game.
 C = Kills by friends in this place as a percentage of kills by friends in the entire game.
 D = Other kills in this place as a percentage of other kills in the entire game.
 E = Experience gained in this place as a percentage of experience gained in the entire game.
 F = Experience gained in this place divided by the number of levels of this place that you have seen.
                   A       B       C       D       E      F
               +-------+-------+-------+-------+-------+----------------------
         Total | 100.0 | 100.0 |   N/A |   N/A | 100.0 |   4.5
       Dungeon | 100.0 | 100.0 |   N/A |   N/A | 100.0 |   4.5
               +-------+-------+-------+-------+-------+----------------------

Vault maps used:
D:1:      dpeg_arrival_boxes_within_box
D:2:      marbit_many_paths, gammafunk_temple_overflow_wave
